 Dungeon Crawl Stone Soup version 0.31-a0-978-g1e143483b6 (webtiles) character file.

Game seed: 2506040739875779254

94 Getoffmy the Ruffian (level 4, 0/33 HPs)
             Began as a Demonspawn Shapeshifter on Oct 30, 2023.
             Was a Follower of Trog.
             Slain by an orc
             ... wielding a +0 hand axe
              (4 damage)
             ... on level 3 of the Dungeon.
             The game lasted 00:11:41 (2132 turns).

Getoffmy the Ruffian (Demonspawn Shapeshifter)      Turns: 2132, Time: 00:11:42

Health: 0/33       AC:  2    Str: 16    XL:     4   Next: 38%
Magic:  4/4        EV: 12    Int: 12    God:    Trog [*.....]
Gold:   114        SH:  0    Dex: 12    Spells: 3/3 levels left

rFire   . .          .
                       - Unarmed
rCold   . . .        (no shield)
rNeg    + . .        a - +0 animal skin
rPois   .            (helmet currently unavailable)
rElec   .            (cloak currently unavailable)
rCorr   .            (gloves currently unavailable)
SInv    .            (boots currently unavailable)
Will    .....        (no amulet)
Stlth   +            l - ring of positive energy
HPRegen 0.25/turn    (no ring)
MPRegen 0.09/turn

%: no passive effects
@: confused, beast-form
A: beast (slay +1), condensation shield
a: Begin Untransformation, Renounce Religion, Berserk


You were on level 3 of the Dungeon.
You worshipped Trog.
Trog was aware of your devotion.
You were a hulking beast.
You visited 1 branch of the dungeon, and saw 3 of its levels.

You collected 114 gold pieces.

Inventory:

Armour
 a - a +0 animal skin (worn)
 n - a +0 pair of boots
Jewellery
 l - a ring of positive energy (left hand)
Talismans
 c - a beast talisman
 d - a flux talisman
Scrolls
 e - a scroll of butterflies {unknown}
 g - a scroll of revelation {unknown}
 i - a scroll of fear {unknown}
 j - a scroll of vulnerability {unknown}
 o - a scroll of fog {unknown}
Potions
 b - 2 potions of lignification
 f - 2 potions of curing {unknown}
 h - a potion of brilliance {unknown}
 k - 2 potions of haste {unknown}
 m - a potion of attraction {unknown}


   Skills:
 + Level 2.2 Fighting
 - Level 1.7 Dodging
 * Level 3.8 Unarmed Combat
 + Level 3.2 Shapeshifting


You had 3 spell levels left.
You didn't know any spells.
Your spell library contained the following spells:

 Spells                   Type           Power      Damage    Failure   Level
 Inner Flame              Hex/Fire       0%         N/A       69%         3
 Yara's Violent Unravell  Hex/Tmut       0%         3d3       100%        5
 Enfeeble                 Hex            0%         N/A       100%        7


Dungeon Overview and Level Annotations

Branches:
Dungeon (3/15)

Altars:
Trog


Innate Abilities, Weirdness & Mutations

You are a hulking beast.
Your limbs bulge with bestial killing power. (Slay +1)
A meltable shield of frost defends you. (SH +0)


Message History

No target in view!
No target in view!
There is an open door here.
No target in view!
Found a robe.
An orc comes into view. It is wielding a +0 dagger.
An orc is nearby!
An orc is nearby!
An orc and an orc wizard come into view.
The orc shouts!
The orc wizard shouts! 2 orcs come into view.
The orc wizard casts a spell at you.
You are confused.
The orc shouts!
You are too confused!
The orc wizard points at you and mumbles some strange words.
You are more confused.
The orc wizard gestures at you while chanting.
You resist with some effort. The orc hits you with a +0 mace!
You barely miss the orc wizard.
The orc wizard points at you and mumbles some strange words.
The puff of flame hits you!
Your condensation shield dissipates!
The orc closely misses you.
You punch the orc!
You kill the orc!
Trog accepts your kill. The orc wizard barely misses you.
The orc hits you with a +0 mace!
* * * LOW HITPOINT WARNING * * *
The orc misses you. The orc barely misses you.
The orc attacks as it pursues you! The orc barely misses you.
You bump into the rock wall.
The orc misses you. The orc hits you with a +0 hand axe.
* * * LOW HITPOINT WARNING * * *
The orc wizard hits you with a +0 dagger.
* * * LOW HITPOINT WARNING * * *
Unknown command.
The orc barely misses you. The orc attacks as it pursues you!
The orc hits you with a +0 hand axe.
You die...

.....# #......# P.# .....#
#......# .P.#
.....#####......# .P.#
.....#..........####.P.###
.....#.....#####.........#
.....#.....# #..$......#
.....#.....# #.o.).....#
.....#.....#####ooo......#
.....'.....+....h.........
.#####.....#####.........#
.# ####### #.........# ##
#.........# #.........#
###########


You could see an orc wizard and 3 orcs.

Vanquished Creatures
  A hound (D:3)
  An adder (D:2)
  A worm (D:2)
  A dart slug (D:1)
  An orc (D:3)
  3 bats (D:1)
  4 endoplasms
  4 goblins (D:1)
  6 hobgoblins
  5 jackals
  A kobold (D:3)
  3 quokkas
  6 ball pythons
  5 frilled lizards
  6 rats
48 creatures vanquished.

Notes
Turn   | Place    | Note
-------+----------+-------------------------------------------
     0 | D:1      | Getoffmy the Demonspawn Shapeshifter began the quest for
                  | the Orb.
     0 | D:1      | Reached XP level 1. HP: 15/15 MP: 1/1
   189 | D:1      | Gained mutation: A meltable shield of frost defends you.
                  | (SH +0) [demonic ancestry]
   189 | D:1      | Reached XP level 2. HP: 21/21 MP: 2/2
   612 | D:1      | Reached XP level 3. HP: 23/26 MP: 3/3
  1414 | D:2      | Found a faded altar of an unknown god.
  1529 | D:2      | Prayed at the altar of an unknown god.
  1529 | D:2      | Became a worshipper of Trog the Wrathful
  1529 | D:2      | Reached * piety under Trog
  2059 | D:3      | Reached XP level 4. HP: 22/33 MP: 4/4
  2132 | D:3      | Slain by an orc

Illustrated notes

Levels and vault maps discovered:
D:1:      lemuel_arrival_hallway, layout_basic, nicolae_the_louvre
D:2:      layout_basic, shapermc_ecumenical_altar_acropolis
D:3:      layout_basic, mainiacjoe_overflow_boulevard, uniq_terence

Skill      XL: |  1  2  3 |
---------------+----------+-----
Unarmed Combat | 3 |  3.8
Shapeshifting  | 3 |  3.2
Fighting       | 2 |  2.2
Dodging        | |  1.7

Action                     |  1- 3 |  4- 6 || total
---------------------------+-------+-------++-------
  Melee: Unarmed           |   148 |     5 ||   153
         Punch             |     2 |       ||     2
   Stab: Sleeping          |     1 |       ||     1
 Armour: Animal skin       |    63 |     7 ||    70
  Dodge: Dodged            |    75 |     7 ||    82
  Block: Other             |    15 |       ||    15

Table legend: (Time is in decaauts)
 A = Elapsed time spent in this place.
 B = Non-inter-level travel time spent in this place.
 C = Inter-level travel time spent in this place.
 D = Time resting spent in this place.
 E = Time spent auto-exploring this place.
 F = Levels seen in this place.
 G = Mean time per level.
                   A        B        C        D        E       F      G
               +--------+--------+--------+--------+--------+-----+--------+
         Total |   2123 |   1818 |    305 |    250 |    995 |   3 |  707.7 |
       Dungeon |   2123 |   1818 |    305 |    250 |    995 |   3 |  707.7 |
               +--------+--------+--------+--------+--------+-----+--------+

Top non-repeatable levels by time:
     D:2: 1019 daAuts
     D:1: 933 daAuts
     D:3: 171 daAuts
